 Dungeon Crawl Stone Soup version 0.29.0 (webtiles) character file.

Game seed: 3646917252649664443

1187 mattm the Covered (level 8, -5/70 HPs)
             Began as a Hill Orc Cinder Acolyte on Sept 11, 2022.
             Was a High Priest of Ignis.
             Slain by an unseen horror (7 damage)
             ... on level 5 of the Dungeon.
             The game lasted 00:11:52 (5579 turns).

mattm the Covered (Hill Orc Cinder Acolyte)         Turns: 5579, Time: 00:11:53

Health: -5/70      AC:  9    Str: 19    XL:     8   Next: 43%
Magic:  0/9        EV: 14    Int: 14    God:    Ignis [*****.]
Gold:   362        SH:  0    Dex:  8    Spells: 9/9 levels left

rFire   + . .      SeeInvis .   t - +7 rapier "Oclo" {flame, rPois Dex+2}
rCold   . . .      Faith    .   (no shield)
rNeg    . . .      Spirit   +   e - +0 ring mail
rPois   +          Reflect  .   (no helmet)
rElec   .          Harm     .   p - +0 cloak
rCorr   .          Rampage  .   (no gloves)
Will    .....                   c - +0 pair of boots
Stlth   ..........              d - amulet of guardian spirit
HPRegen 0.21/turn               n - +4 ring of evasion
MPRegen 0.11/turn               (no ring)

@: no status effects
A: no striking features
a: Renounce Religion, Fiery Armour, Foxfire Swarm, Rising Flame


You were on level 5 of the Dungeon.
You worshipped Ignis.
Ignis was extremely pleased with you.
You visited 1 branch of the dungeon, and saw 5 of its levels.

You collected 362 gold pieces.

Inventory:

Hand Weapons
 a - a -1 hand axe of flaming
 k - a +0 hand axe
 s - a +0 war axe
 t - the +7 rapier "Oclo" (weapon) {flame, rPois Dex+2}
   (You took it off a gnoll on level 4 of the Dungeon)

   It burns those it strikes, dealing additional fire damage.
   Dex:       It affects your dexterity (+2).
   rPois:     It protects you from poison.
Armour
 c - a +0 pair of boots (worn)
 e - a +0 ring mail (worn)
 h - a +0 tower shield
 p - a +0 cloak (worn)
Jewellery
 d - an amulet of guardian spirit (around neck)
 n - a +4 ring of evasion (left hand)
Wands
 b - a wand of mindburst (14)
 m - a wand of flame (3)
Scrolls
 f - a scroll of identify
 l - 3 scrolls of enchant weapon {unknown}
 q - 2 scrolls of blinking {unknown}
 u - a scroll of amnesia {unknown}
 v - a scroll of teleportation {unknown}
 x - a scroll of magic mapping {unknown}
Potions
 g - a potion of magic
 i - 3 potions of invisibility
 o - a potion of mutation {unknown}
 r - a potion of curing


   Skills:
 - Level 6.0 Fighting
 + Level 5.0 Short Blades
 - Level 4.0 Axes
 + Level 7.8 Armour
 - Level 1.0 Spellcasting
 - Level 3.2 Fire Magic


You had 9 spell levels left.
You didn't know any spells.
Your spell library contained the following spells:

 Spells                   Type           Power      Damage    Failure   Level
 Scorch                   Fire           18%        2d5       16%         2
 Dazzling Flash           Conj/Hex       0%         N/A       77%         3
 Agony                    Necr           0%         N/A       100%        5
 Silence                  Hex/Air        0%         N/A       100%        5


Dungeon Overview and Level Annotations

Branches:
Dungeon (5/15)
 Temple: D:4-7

Altars:
Dithmenos
Trog
Uskayaw
Wu Jian
Zin

Shops:
D:3 (

Annotations:
D:4 2 transporters, mattm's ghost, amateur BaFi
D:5 4 runed translucent doors


Message History

You hit something. You burn something. Something barely misses you.
You miss something. Something hits you.
* * * LOW HITPOINT WARNING * * *
Something barely misses you.
The orc throws a boomerang.
The boomerang closely misses you.
You barely miss something. Something hits you but does no damage.
You hit something. You burn something. Something hits you.
* * * LOW HITPOINT WARNING * * *
The orc throws a boomerang.
You completely miss something. Something hits you.
* * * LOW HITPOINT WARNING * * *
You are confused.
You feel invigorated. Something hits you.
* * * LOW HITPOINT WARNING * * *
The orc throws a boomerang.
The boomerang barely misses you. Something hits you!
* * * LOW HITPOINT WARNING * * *
The orc throws a boomerang.
Something hits you but does no damage. Something hits you!
* * * LOW HITPOINT WARNING * * *
You bump into the crystal wall.
Something hits you but does no damage.
Something hits you but does no damage. x2; The orc throws a boomerang.
The boomerang misses you.
You bump into the crystal wall.
Something hits you!
* * * LOW HITPOINT WARNING * * *
Something hits you but does no damage.
You barely miss something. Something hits you!
* * * LOW HITPOINT WARNING * * *
Something hits you.
* * * LOW HITPOINT WARNING * * *
You closely miss something.
You feel less invigorated.
You feel less confused. Something hits you!
* * * LOW HITPOINT WARNING * * *
The orc throws a boomerang.
The boomerang hits you but does no damage.
You miss something. Something hits you!
* * * LOW HITPOINT WARNING * * *
Something hits you!
You die...

......#8....8# ...##......#
.####)#?....:# #####.......#
......#:....=# #.......#
#####.#8....8# ##......#
#.##8.W8##### #......#
#..##++##.'†## #......#
##........##.# #..).###
#....#...#.####.#....#.#
#........##@{o.##.##)#.#
#....###..######).##)#.#####
###### ##.........##.'....<#
#######.#.####....##
#.#.###.).....
##.#...#)#####. #......#.#
#. #........#####.
#...........##<


You could see an orc.

Vanquished Creatures
  A troll (D:5)
  A water moccasin (D:5)
  An ogre (D:5)
  3 scorpions
  2 necrophages (D:5)
  A hound (D:4)
  An orc priest (D:5)
  A jelly (D:5)
  Jessica (D:3)
  Natasha (thrice) (D:2)
  An iguana (D:5)
  2 orc wizards (D:5)
  5 gnolls
  9 adders
  A shadow imp (D:5)
  A white imp (D:5)
  An ufetubus (D:5)
  2 worms
  2 dart slugs (D:1)
  11 orcs
  5 bats
  4 endoplasms
  4 giant cockroaches
  5 goblins
  8 hobgoblins
  4 jackals (D:1)
  A quokka (D:1)
  9 ball pythons
  3 frilled lizards
  5 kobolds
  5 rats
103 creatures vanquished.

Vanquished Creatures (others)
  3 fungi (D:4)
3 creatures vanquished.

Grand Total: 106 creatures vanquished

Notes
Turn   | Place    | Note
-------+----------+-------------------------------------------
     0 | D:1      | mattm the Hill Orc Cinder Acolyte began the quest for the
                  | Orb.
     0 | D:1      | Reached XP level 1. HP: 19/19 MP: 2/2
   189 | D:1      | Reached XP level 2. HP: 3/27 MP: 3/3
   771 | D:1      | Reached skill level 5 in Fighting
   771 | D:1      | Reached XP level 3. HP: 35/36 MP: 4/4
  1318 | D:2      | Noticed Natasha
  1334 | D:2      | Killed Natasha
  1335 | D:2      | Reached XP level 4. HP: 12/44 MP: 1/5
  1346 | D:2      | Noticed Natasha
  1655 | D:2      | Killed Natasha
  1656 | D:2      | Reached skill level 1 in Armour
  1963 | D:2      | Found a hide-covered altar of Uskayaw.
  2024 | D:2      | Noticed Natasha
  2031 | D:2      | Killed Natasha
  2032 | D:2      | Reached skill level 2 in Armour
  2032 | D:2      | Reached XP level 5. HP: 47/50 MP: 4/6
  2623 | D:3      | Found a hide-covered altar of Uskayaw.
  2837 | D:3      | Reached skill level 3 in Armour
  2972 | D:3      | Found Luddomigg's Weapon Shoppe.
  3108 | D:3      | Found an ornate altar of the Wu Jian Council.
  3124 | D:3      | Found a bloodstained altar of Trog.
  3131 | D:3      | Noticed Jessica
  3139 | D:3      | Killed Jessica
  3359 | D:3      | Reached skill level 4 in Armour
  3582 | D:4      | Reached XP level 6. HP: 34/57 MP: 3/7
  3773 | D:4      | Found a shadowy altar of Dithmenos.
  3988 | D:4      | Found a transporter.
  4010 | D:4      | Reached skill level 5 in Armour
  4146 | D:4      | Identified the +7 rapier "Oclo" {flame, rPois Dex+2}
  4281 | D:4      | Found a transporter.
  4285 | D:4      | Noticed mattm's ghost (amateur BaFi)
  4535 | D:5      | Entered Level 5 of the Dungeon
  4618 | D:5      | Reached skill level 1 in Short Blades
  4651 | D:5      | Reached XP level 7. HP: 44/63 MP: 8/8
  4797 | D:5      | Reached skill level 6 in Armour
  4851 | D:5      | Found a glowing silver altar of Zin.
  4936 | D:5      | Found a large runed translucent door.
  4936 | D:5      | Found a large runed translucent door.
  5123 | D:5      | Noticed a troll
  5145 | D:5      | Killed a troll
  5146 | D:5      | Reached skill level 7 in Armour
  5146 | D:5      | Reached XP level 8. HP: 15/70 MP: 2/9
  5407 | D:5      | Noticed a wraith
  5424 | D:5      | Found a large runed translucent door.
  5424 | D:5      | Found a large runed translucent door.
  5554 | D:5      | Reached skill level 5 in Short Blades
  5579 | D:5      | HP: 2/70 [something (6)]
  5579 | D:5      | Slain by an unseen horror

Illustrated notes

Levels and vault maps discovered:
D:1:      dpeg_arrival_tiny_a, layout_loops_ring, grunt_decor_one_mirror,
          columned_hall_lemuel, minmay_octomino_j4
D:2:      layout_rooms, basic_altar, serial_co_window_serial, co_window_paths_b,
          co_window_corner_a, co_window_corner_a, co_window_paths_b,
          co_window_paths_a, co_window_paths_c, co_window_broadway_c,
          co_window_cross_2, co_window_of_opportunity_b, co_window_corner_b,
          glass_columns_b, glass_columns_b, supply_closet_lemuel, uniq_natasha
D:3:      layout_basic, jmf_multi_god_temple,
          mainiacjoe_overflow_concentric_impassable, serial_shops, shop,
          uniq_jessica
D:4:      layout_cave_pools, mainiacjoe_overflow_boulevard,
          gammafunk_ghost_mausoleum, serial_park, serial_park_tiny_pond,
          serial_park_square2, serial_park_tiny_pond, minmay_close_crescents
D:5:      layout_basic, general_overflow_altar, minmay_hollow_rounded_squares,
          uniq_crazy_yiuf_cottage

Skill      XL: |  1  2  3  4  5  6  7  8 |
---------------+-------------------------+-----
Fighting       | 4 5 6 |  6.0
Armour         | 2 4 5 7 |  7.8
Short Blades   | 1 4 5 |  5.0
Axes           | |  4.0
Spellcasting   | |  1.0
Fire Magic     | |  3.2

Action                   |  1- 3 |  4- 6 |  7- 9 || total
-------------------------+-------+-------+-------++-------
Melee: Hand axe          |   101 |   182 |       ||   283
       Punch             |       |     2 |     2 ||     4
       Rapier            |       |    23 |   100 ||   123
       War axe           |       |     7 |       ||     7
Invok: Fiery Armour      |     2 |     1 |       ||     3
  Use: Scroll            |       |     5 |       ||     5
       Potion            |       |       |     4 ||     4
 Stab: Invisible         |       |       |     1 ||     1
Armor: Robe              |     6 |       |       ||     6
       Ring mail         |    37 |    92 |    36 ||   165
Dodge: Dodged            |    62 |   115 |    77 ||   254
Block: Tower shield      |     2 |       |       ||     2
